Map: [ESL] Data-C

Players

ShaDoWn

  • Race: Protoss Protoss
  • Spawn Location: 3:00

Kelazhur - Winner!

  • Race: Terran Terran
  • Spawn Location: 9:00

Event: DreamHack SC2 Masters 2022 Valencia

VOD

Have the link to the VOD?

Description

Time

  • Played on: July 1, 2022, 2:05 p.m.
  • Length: 9:29

All games in this series

Show
View Real Time Build Order
Export as new Build Order

ShaDoWn Protoss 

Build Orders: 1 Gate Expand 

Get SALT Encoding   

  12  0:00  Probe  
  13  0:13  Probe  
  14  0:19  Pylon  
  14  0:25  Probe  
  15  0:33  Pylon  
  15  0:37  Probe (Chrono Boost)  
  16  0:49  Probe (Chrono Boost)  
  17  0:52  Gateway  
  17  0:54  Probe (Chrono Boost)  
  18  1:05  Probe  
  19  1:25  Nexus  
  19  1:31  Assimilator  
  19  1:39  Cybernetics Core  
  19  1:43  Probe  
  20  1:55  Probe  
  23  2:05  Assimilator  
  23  2:07  Probe  
  24  2:14  Stalker (Chrono Boost)  
  22  2:16  Shield Battery  
  22  2:19  Probe  
  25  2:31  Probe  
  25  2:40  Probe  
  25  2:43  Stalker (Chrono Boost), Probe  
  28  2:52  Probe  
  28  2:57  Probe  
  30  3:03  Stalker (Chrono Boost)  
  30  3:04  Probe  
  31  3:09  Probe  
  34  3:16  Probe  
  35  3:25  Stalker  
  35  3:27  Probe  
  35  3:29  Pylon  
  35  3:33  Probe  
  35  3:34  Warp Gate  
  35  3:39  Probe  
  36  3:42  Gateway  
  36  3:45  Probe  
  37  3:49  Shield Battery  
  37  3:51  Probe  
  38  3:57  Stalker (Chrono Boost), Probe  
  41  4:03  Probe  
  41  4:09  Probe  
  43  4:15  Probe  
  44  4:21  Probe  
  45  4:27  Stalker (Chrono Boost)  
  45  4:28  Probe  
  45  4:31  Stalker (Chrono Boost)  
  48  4:34  Probe  
  49  4:40  Probe  
  49  4:46  Probe  
  49  4:52  Probe  
  47  4:55  Twilight Council, Robotics Facility  
  47  4:58  Probe  
  48  5:04  Probe  
  49  5:10  Probe  
  50  5:14  Gateway  
  50  5:16  Nexus  
  50  5:21  Pylon  
  50  5:24  Stalker x2  
  54  5:28  Pylon  
  54  5:32  Charge (Chrono Boost)  
  54  5:44  Gateway  
  54  5:45  Gateway  
  54  5:47  Observer (Chrono Boost)  
  55  5:52  Gateway  
  55  5:54  Gateway  
  55  5:55  Sentry  
  57  6:00  Probe x2  
  57  6:01  Gateway  
  59  6:06  Pylon  
  59  6:18  Pylon  
  59  6:24  Zealot x2  
  67  6:26  Probe x2, Warp Prism (Chrono Boost)  
  67  6:32  Probe  
  68  6:37  Forge  
  68  6:38  Probe x2  
  70  6:41  Zealot x2  
  70  6:50  Zealot x4  
  68  6:56  Zealot  
  68  6:58  Probe  
  64  7:02  Zealot  
  64  7:03  Zealot  
  60  7:11  Zealot x3  
  66  7:21  Probe (Chrono Boost)  
  68  7:24  Probe (Chrono Boost)  
  68  7:26  Probe (Chrono Boost)  
  68  7:33  Probe (Chrono Boost)  
  68  7:34  Probe (Chrono Boost)  
  68  7:35  Probe  
  71  7:41  Robotics Bay  
  72  7:44  Probe (Chrono Boost)  
  72  7:45  Probe (Chrono Boost)  
  72  7:46  Sentry x2  
  72  7:47  Probe (Chrono Boost)  
  78  7:54  Assimilator  
  78  7:55  Assimilator  
  78  7:57  Probe (Chrono Boost)  
  81  7:59  Probe (Chrono Boost)  
  81  8:02  Probe (Chrono Boost)  
  81  8:04  Probe (Chrono Boost)  
  81  8:05  Probe (Chrono Boost)  
  82  8:06  Pylon  
  82  8:07  Observer (Chrono Boost)  
  82  8:08  Probe (Chrono Boost), Zealot x4  
  93  8:15  Pylon  
  93  8:23  Shield Battery  
  93  8:24  Pylon, Probe  
  94  8:27  Colossus (Chrono Boost)  
  100  8:38  Stalker x2  
  100  8:39  Zealot x3  
  107  8:52  Pylon x2  
  95  9:05  Pylon x2  
  95  9:06  Pylon  
  93  9:12  Zealot x5  
Show
View Real Time Build Order
Export as new Build Order

Kelazhur Terran - Winner!

Build Orders:  

Get SALT Encoding   

  12  0:00  SCV  
  13  0:12  SCV  
  14  0:17  Supply Depot  
  14  0:24  SCV  
  15  0:38  SCV  
  15  0:40  Barracks  
  16  0:43  Refinery  
  16  0:50  SCV  
  16  0:55  Refinery  
  17  1:02  SCV  
  18  1:06  Supply Depot  
  18  1:15  SCV  
  19  1:28  Reaper  
  19  1:29  Orbital Command  
  20  1:43  Factory  
  20  1:55  SCV  
  20  2:00  Reaper  
  22  2:08  SCV  
  23  2:18  Command Center  
  23  2:21  SCV  
  24  2:27  Hellion  
  26  2:35  Reaper  
  26  2:36  SCV  
  28  2:46  Supply Depot  
  28  2:48  SCV  
  28  2:50  Hellion  
  30  3:00  SCV  
  31  3:07  Barracks x2  
  31  3:15  SCV  
  31  3:17  Marine  
  35  3:20  Hellion  
  35  3:27  SCV  
  33  3:39  SCV  
  34  3:41  Barracks Reactor  
  34  3:43  Factory Tech Lab  
  34  3:51  SCV  
  35  3:57  Barracks Tech Lab  
  35  3:59  Orbital Command  
  35  4:01  Siege Tank  
  38  4:03  SCV  
  38  4:05  Barracks Tech Lab  
  38  4:15  SCV  
  38  4:16  Marine  
  39  4:19  Marine x2  
  39  4:22  Stimpack  
  38  4:27  SCV  
  38  4:30  Marauder  
  38  4:31  Combat Shield  
  41  4:33  SCV  
  41  4:38  Marauder  
  44  4:39  SCV  
  44  4:45  SCV  
  46  4:48  Marine  
  46  4:49  Marine  
  46  4:51  SCV, Marauder  
  51  4:54  Engineering Bay  
  50  5:03  SCV  
  50  5:04  Starport  
  50  5:05  Marauder  
  53  5:08  SCV  
  53  5:13  Supply Depot  
  54  5:21  Supply Depot  
  54  5:35  SCV x2, Marine x2, Marauder x2  
  62  5:39  Factory Reactor  
  62  5:41  Starport Reactor  
  62  5:46  Refinery  
  62  5:47  SCV x2  
  62  5:48  Supply Depot  
  63  5:51  Missile Turret  
  63  5:53  Marine x2  
  63  5:57  Marauder  
  67  5:59  Refinery, SCV  
  67  6:00  Marauder  
  70  6:09  Concussive Shells  
  70  6:10  SCV  
  71  6:11  SCV  
  71  6:13  Marine x2  
  71  6:18  Marauder  
  76  6:20  Supply Depot  
  76  6:22  Marauder  
  78  6:41  Medivac x2, SCV x2, Supply Depot  
  78  6:42  Marauder  
  86  6:47  Marine  
  86  6:56  SCV, Marine  
  86  6:58  Marauder  
  86  7:00  SCV  
  83  7:03  Widow Mine  
  83  7:04  Widow Mine  
  83  7:07  Supply Depot  
  87  7:08  SCV  
  87  7:09  Marauder  
  87  7:11  Medivac x2, Marine  
  94  7:15  Command Center  
  94  7:19  SCV  
  91  7:24  Supply Depot, Terran Infantry Weapons Level 1  
  91  7:25  SCV  
  86  7:31  SCV  
  86  7:34  Marine x2, Marauder x2  
  86  7:37  SCV, Widow Mine x2  
  98  7:46  SCV  
  98  7:48  Medivac  
  98  7:49  Barracks, SCV  
  102  7:51  Barracks  
  102  7:56  Marauder x2  
  106  8:00  Marine x2  
  106  8:04  Widow Mine  
  110  8:08  Supply Depot  
  110  8:12  Supply Depot  
  110  8:19  Medivac, Marauder x2, Widow Mine  
  118  8:20  Engineering Bay, Armory  
  118  8:27  Marine x2  
  118  8:33  SCV  
  118  8:39  SCV, Marauder  
  118  8:41  Marauder  
  123  8:48  Marine, Marauder  
  124  8:55  Orbital Command, Marine  
  124  8:57  SCV  
  124  9:00  Marauder  
  124  9:02  Supply Depot, Marauder  
  129  9:04  Barracks Reactor  
  129  9:06  Widow Mine x2  

Tags
 
Add a new tag
Caveats
  • Supply blocks, unpowered buildings, or Contaminate may cause inaccurate times.
  • Supply counts are checked every 10 seconds.